AoeStats
← driboperez

MegaRandom

509134822Analyzed
3v3 RM · 6d ago on Sep 25, 2026· 31m 31s· 6 players
Game mode
Random Map
Map size
Normal (6 player)
Population
200
Speed
Normal
Resources
Standard
Victory
Conquest
Starting age
Dark Age
Ending age
Imperial Age
RankedLock teamsTeams togetherTeam positionsShared explorationLock speedFull tech treeHidden civsTurbo modeCheats
Victory
Defeat
🇩🇪 Aztecs · Germany
1053
+16
🇹🇼 Japanese · Taiwan
1027
+17
🇪🇸 Koreans · Spain
1006
+19
🇲🇽 Vietnamese · Mexico
1065
-18
🇦🇷 Dravidians · Argentina
1053
-17
🇧🇷 Sicilians · Brazil
1045
-17
Kuro
0:33 Loom
13:17 Feudal Age
14:00 Double-Bit Axe
13:59 Horse Collar
14:53 Gold Mining
17:41 Castle Age
15:45 Man-at-Arms
17:05 Scale Mail Armor
17:20 Arson
17:51 Long Swordsman
19:38 Forging
23:00 Chain Mail Armor
27:01 Iron Casting
driboperez
7:26 Loom
7:32 Loom
10:35 Feudal Age
12:45 Double-Bit Axe
13:20 Horse Collar
17:11 Gold Mining
19:54 Castle Age
20:53 Bow Saw
20:44 Stone Mining
22:47 Scale Mail Armor
23:32 Forging
25:32 Stone Shaft Mining
24:39 Pikeman
29:36 Fletching
Pandinus
0:39 Loom
11:15 Feudal Age
17:22 Castle Age
15:33 Double-Bit Axe
15:37 Horse Collar
17:26 Fletching
20:13 Wheelbarrow
19:33 Town Watch
20:11 Man-at-Arms
20:16 Elite Skirmisher
21:15 Bodkin Arrow
26:07 Padded Archer Armor
27:49 Bow Saw
27:52 Heavy Plow
28:51 Ballistics
29:41 Murder Holes
29:57 Gold Mining
30:33 Hand Cart
30:44 Town Patrol
30:51 Treadmill Crane
31:29 Leather Archer Armor
32:00 Atlatl
31:23 Pikeman
Oswaldo.rdz
7:14 Loom
9:48 Feudal Age
10:48 Double-Bit Axe
12:14 Horse Collar
20:14 Castle Age
19:01 Town Watch
19:25 Scale Barding Armor
19:33 Bloodlines
20:25 Forging
22:06 Wheelbarrow
22:03 Husbandry
22:37 Bow Saw
23:01 Fletching
24:13 Bodkin Arrow
24:22 Padded Archer Armor
25:40 Thumb Ring
26:40 Ballistics
30:04 Chain Barding Armor
30:03 Leather Archer Armor
KFE@ segundo pior
1:28 Loom
2:48 Loom
12:40 Feudal Age
14:10 Wheelbarrow
13:24 Double-Bit Axe
13:54 Town Watch
27:26 Man-at-Arms
alcalyx93
11:05 Feudal Age
13:50 Loom
16:33 Castle Age
18:01 Double-Bit Axe
22:44 Fletching
22:48 Town Watch
27:35 Medical Corps
29:26 Stone Mining
Connection lost

Rejoining the realm…

Still unreachable

The connection could not be restored.

Session expired

The server has moved on; the page needs a fresh start.